 Dungeon Crawl Stone Soup version 0.25.0-46-gbd7b0854d2 (webtiles) character file.

Game seed: 8157871846649792614

(classic levelgen) 16 EnegeticOcto the Chopper (level 2, 0/27 HPs)
             Began as a Deep Dwarf Fighter on July 16, 2020.
             Slain by a river rat (2 damage)
             ... summoned by Eustachio
             ... on level 4 of the Dungeon.
             The game lasted 00:01:35 (279 turns).

EnegeticOcto the Chopper (Deep Dwarf Fighter)        Turns: 279, Time: 00:01:35

Health: 0/27       AC:  8    Str: 19    XL:     2   Next: 41%
Magic:  2/2        EV:  7    Int:  8    God:
Gold:   63         SH:  9    Dex: 12    Spells: 1/1 levels left

rFire    . . .     SeeInvis .   a - +0 war axe
rCold    . . .     Gourm    .   c - +0 kite shield
rNeg     . . .     Faith    .   b - +0 scale mail
rPois    .         Spirit   .   (no helmet)
rElec    .         Reflect  .   (no cloak)
rCorr    .         Harm     .   f - +0 pair of gloves
MR       .....                  (no boots)
Stlth    ..........             (no amulet)
HPRegen  0.00/turn              (no ring)
MPRegen  0.08/turn              (no ring)

@: non-regenerating
A: damage resistance, heal wounds, sense surroundings 1, no regeneration
a: Heal Wounds


You were on level 4 of the Dungeon.
You were not hungry.

You visited 1 branch of the dungeon, and saw 4 of its levels.

You collected 63 gold pieces.

Inventory:

Hand Weapons
 a - a +0 war axe (weapon)
Missiles
 k - a throwing net (quivered) {!f}
Armour
 b - a +0 scale mail (worn)
 c - a +0 kite shield (worn)
 f - a +0 pair of gloves (worn)
Scrolls
 h - 2 scrolls of identify {unknown}
 j - a scroll of amnesia {unknown}
 l - a scroll of fear {unknown}
Potions
 d - a potion of might {@q3 !q}
 g - 2 potions of mutation {unknown}
 i - a potion of curing {unknown}
Comestibles
 e - 2 rations


   Skills:
 - Level 2.6 Fighting
 + Level 3.4 Axes
 - Level 3.2 Armour
 - Level 3.2 Shields


You had one spell level left.
You didn't know any spells.
Your spell library was empty.

Dungeon Overview and Level Annotations

Branches:
Dungeon (4/15)
 Temple: D:4-7

Altars:

Annotations:
D:4 Eustachio


Innate Abilities, Weirdness & Mutations

You are resistant to damage.
You can heal yourself by infusing magical energy.
You passively map a small area around you.
You do not regenerate.


Message History

You kill the rat!
The rat's corpse disappears in a puff of smoke!
You miss the quokka.
The bat disappears in a puff of smoke! x2
You block the quokka's attack. x2
Your shield prevents you from hitting the quokka.
You closely miss the rat. You hit the rat.
You kill the rat!
The rat's corpse disappears in a puff of smoke!
Eustachio casts a spell.
You block the rat's attack.
The quokka bites you but does no damage.
You block the rat's attack.
You closely miss the quokka. You closely miss the rat.
The quokka disappears in a puff of smoke!
The rat closely misses you.
Your shield and scale mail prevent you from hitting the rat.
You block the bat's attack. You block the rat's attack.
Eustachio gestures wildly while chanting.
Eustachio blinks!
The bat hits you but does no damage.
The river rat bites you but does no damage.
You block the bat's attack. You block the river rat's attack.
You closely miss Eustachio.
Eustachio is lightly wounded.
You hit the river rat but do no damage. You closely miss the rat.
You hit the bat but do no damage. You closely miss the river rat.
The bat hits you but does no damage. You block the bat's attack.
The rat bites you but does no damage. The bat hits you but does no damage.
You block the river rat's attack. The river rat bites you.
You block Eustachio's attack. The rat bites you but does no damage.
The river rat closely misses you.
You barely miss Eustachio.
Eustachio is lightly wounded.
Your shield prevents you from hitting the river rat.
You slash the rat!
You kill the rat!
The rat's corpse disappears in a puff of smoke!
You completely miss the river rat. The bat closely misses you.
The river rat bites you. Eustachio hits you but does no damage.
The river rat bites you but does no damage.
You hit Eustachio.
Eustachio is moderately wounded.
You barely miss the river rat. You hit the bat. You barely miss the river rat.
The bat hits you but does no damage.
The river rat bites you but does no damage.
Eustachio gestures wildly while chanting.
The river rat barely misses you. x2; Eustachio hits you with a +0 falchion.
You closely miss Eustachio.
Eustachio is moderately wounded.
You hit the river rat but do no damage. You hit the bat.
You kill the bat!
The bat's corpse disappears in a puff of smoke!
You hit the river rat. The river rat bites you.
Eustachio hits you but does no damage. You block the river rat's attack.
You hit Eustachio but do no damage.
Eustachio is moderately wounded.
You hit the river rat. You barely miss the river rat.
You closely miss the river rat. You block the river rat's attack.
The river rat bites you.
Eustachio mumbles some strange words.
The river rat bites you but does no damage.
You block the river rat's attack.
You hit Eustachio.
Eustachio is moderately wounded.
You closely miss the river rat. You hit the river rat. x2
You hit the river rat but do no damage.
The river rat disappears in a puff of smoke!
The river rat bites you but does no damage.
You block Eustachio's attack. The river rat bites you. The river rat bites you!
* * * LOW HITPOINT WARNING * * *
The river rat closely misses you. Eustachio hits you with a +0 falchion.
* * * LOW HITPOINT WARNING * * *
The river rat bites you but does no damage.
You closely miss Eustachio.
Eustachio is moderately wounded.
You hit the river rat but do no damage. x3; You block the river rat's attack.
The river rat bites you but does no damage.
The river rat closely misses you. Eustachio barely misses you.
The river rat bites you but does no damage.
You feel much better. The river rat bites you. x2
Eustachio hits you but does no damage. You block the river rat's attack.
You miss Eustachio.
Eustachio is moderately wounded.
You closely miss the river rat. You hit the river rat. x2
The river rat barely misses you. The river rat bites you!
Eustachio hits you with a +0 falchion. The river rat barely misses you.
The river rat bites you. x2
* * * LOW HITPOINT WARNING * * *
You hit Eustachio.
Eustachio is moderately wounded.
You closely miss the river rat. x3; You block Eustachio's attack.
You block the river rat's attack. The river rat barely misses you.
The river rat bites you but does no damage.
Eustachio closely misses you. The river rat bites you.
* * * LOW HITPOINT WARNING * * *
You fail to use your ability.
You block the river rat's attack. The river rat bites you.
* * * LOW HITPOINT WARNING * * *
The river rat bites you.
You die...

### ####*########.##
##...##.........######## ,
#.....#.................
........................ ,
........................
.........=.<............ ,
........................
.......@r............... ,,
......r@r............... ,
.......b................
.......##.######.#.....% *
##...#. #.######...####. ,
##.##.*#.##......[..... , *
#.##.##.##.###....(..#
##...........##.....####
#...#.................#.###


You could see Eustachio, 3 river rats and a bat (summoned).

Vanquished Creatures
  3 giant cockroaches (D:1)
  3 goblins (D:1)
  3 hobgoblins (D:1)
  A ball python (D:3)
  3 bats
  2 frilled lizards (D:4)
15 creatures vanquished.

Notes
Turn   | Place    | Note
-------+----------+-------------------------------------------
     0 | D:1      | EnegeticOcto the Deep Dwarf Fighter began the quest for the
                  | Orb.
     0 | D:1      | Reached XP level 1. HP: 20/20 MP: 1/1
    83 | D:1      | Reached skill level 3 in Axes
    84 | D:1      | Reached XP level 2. HP: 22/27 MP: 2/2
   245 | D:4      | Noticed Eustachio
   279 | D:4      | Slain by a river rat

Illustrated notes

Levels and vault maps discovered:
D:1:      dpeg_arrival_houses_and_road, layout_basic, glass_columns_a,
          serial_bayou_pond_d, minmay_tetromino_l2
D:2:      layout_loops_ring, uniq_terence
D:3:      layout_loops_ring, dancing_weapons_uskayaw
D:4:      layout_rooms, first_ration, uniq_eustachio

Skill      XL: |  1 |
---------------+----+-----
Axes           | 3 |  3.4
Fighting       | |  2.6
Armour         | |  3.2
Shields        | |  3.2

Action                   || total
-------------------------++-------
Melee: War axe           ||    56
 Abil: Heal Wounds       ||     1
Armor: Scale mail        ||    68
Dodge: Dodged            ||    42
Block: Kite shield       ||    74
